 Dungeon Crawl Stone Soup version 0.27-a0-277-g024f7ef292 (webtiles) character file.

Game seed: 2406810723097727004

17772 Borgoz the Fighter (level 12, 0/79 HPs)
             Began as a Gargoyle Gladiator on Feb 6, 2021.
             Was a High Priest of Okawaru.
             Slain by a catoblepas (13 damage)
             ... on level 2 of the Lair of Beasts.
             The game lasted 00:22:52 (14661 turns).

Borgoz the Fighter (Gargoyle Gladiator)            Turns: 14661, Time: 00:22:52

Health: 0/79       AC: 22    Str: 26    XL:     12   Next: 51%
Magic:  15/15      EV: 22    Int:  9    God:    Okawaru [*****.]
Gold:   1639       SH:  0    Dex: 27    Spells: 11/11 levels left

rFire    . . .     SeeInvis .   a - +0 dire flail
rCold    . . .     Faith    .   (shield currently unavailable)
rNeg     + . .     Spirit   .   j - +3 leather armour {Will+}
rPois    ∞         Reflect  .   c - +0 helmet
rElec    +         Harm     .   E - +0 cloak
rCorr    .         Rampage  .   l - +0 pair of gloves {Str+3}
Will     +....                  w - +0 pair of boots
Stlth    ++........             r - amulet of inaccuracy (curse)
HPRegen  0.23/turn              h - +6 ring of dexterity
MPRegen  0.14/turn              o - ring "Ebbimet" {Str+4 Dex+6}

@: very slightly contaminated, invisible
A: negative energy resistance 1, electricity resistance, unbreathing,
petrification resistance, miasma immunity, AC +8
a: Renounce Religion, Heroism, Finesse


You were on level 2 of the Lair of Beasts.
You worshipped Okawaru.
Okawaru was extremely pleased with you.
You visited 3 branches of the dungeon, and saw 14 of its levels.

You collected 1924 gold pieces.
You spent 285 gold pieces at shops.

Inventory:

Hand Weapons
 a - a +0 dire flail (weapon)
 H - a +1 great mace of protection
Armour
 c - a +0 helmet (worn)
 j - a +3 leather armour of willpower (worn)
 l - a +0 pair of gloves of strength (worn)
 v - a +1 chain mail of fire resistance
 w - a +0 pair of boots (worn)
 y - +0 ice dragon scales
 C - the +1 ring mail "Wud Udao" {*Slow +Blink rC+ rCorr}
   (You found it on level 11 of the Dungeon)

   It protects you from cold.
   It lets you blink.
   It provides partial protection from all sources of acid and corrosion.
   It may slow you when you take damage.
 E - a +0 cloak (worn)
Jewellery
 h - a +6 ring of dexterity (left hand)
 n - an uncursed amulet of reflection
 o - the ring "Ebbimet" (right hand) {Str+4 Dex+6}
   (You found it on level 10 of the Dungeon)

   [ring of dexterity]

   It affects your strength (+4).
   It affects your dexterity (+6).
 r - a cursed amulet of inaccuracy (around neck)
 x - an uncursed ring of protection from fire
 F - an uncursed ring of protection from fire
Wands
 f - a wand of acid (25)
 k - a wand of flame (54)
 q - a wand of iceblast (22)
 z - a wand of paralysis (3)
Scrolls
 i - 4 scrolls of fear
 m - 3 scrolls of teleportation
 p - 3 scrolls of blinking
 D - 3 scrolls of fog
 J - a scroll of enchant armour
 L - a scroll of remove curse
Potions
 e - a potion of magic
 g - a potion of heal wounds
 s - a potion of resistance
 t - a potion of cancellation
 u - 2 potions of brilliance
 A - 4 potions of curing
 B - a potion of flight


   Skills:
 + Level 10.7 Fighting
 + Level 10.2 Maces & Flails
 - Level 1.7 Throwing
 + Level 10.5 Armour
 + Level 8.6 Dodging
 - Level 4.0 Shields
 - Level 5.0 Invocations


You had 11 spell levels left.
You didn't know any spells.
Your spell library contained the following spells:

 Spells                   Type           Power        Failure   Level
 Beastly Appendage        Tmut           0%           41%         1
 Wereblood                Tmut           0%           56%         2
 Spider Form              Tmut/Pois      0%           80%         3
 Ice Form                 Ice/Tmut       0%           99%         4
 Blade Hands              Tmut           0%           100%        5


Dungeon Overview and Level Annotations

Branches:
Dungeon (11/15)            Temple (1/1) D:4            Lair (2/6) D:11
  Swamp (0/4) Lair:2          Orc (0/2) D:9
  Snake: Lair:2-4    Spider: Lair:2-4

Altars:
Ashenzari
Cheibriados
Dithmenos
Elyvilon
Fedhas
Gozag
Hepliaklqana
Kikubaaqudgha
Makhleb
Nemelex Xobeh
Okawaru
Qazlal
Ru
Sif Muna
Trog
Uskayaw
Vehumet
Wu Jian
Xom
Yredelemnul
Zin
The Shining One

Shops:
D:11 (*


Innate Abilities, Weirdness & Mutations

You are resistant to torment.
Your stone body is resilient. (AC +8)
You are immune to poison.
You resist negative energy. (rN+)
You are resistant to electric shocks. (rElec)
You can survive without breathing.
You are immune to petrification.
You are immune to miasma.


Message History

You hit the catoblepas but do no damage.
The catoblepas is heavily wounded.
The catoblepas completely misses you.
Found a stone staircase leading up.
You see here a death yak corpse.
The catoblepas breathes a plume of calcifying dust at you.
The blast of calcifying dust hits you!
* * * LOW HITPOINT WARNING * * *
You catch the helpless catoblepas completely off-guard!
You hit the catoblepas but do no damage.
The catoblepas is heavily wounded.
You feel like a meek peon again.
You barely miss the catoblepas.
The catoblepas is heavily wounded.
The catoblepas breathes a plume of calcifying dust at you.
The blast of calcifying dust hits you but does no damage.
You impale the catoblepas!!
The catoblepas is severely wounded.
The catoblepas gores you!
You die...

....... ###.. .. ###...
... ## # ###..... ....
#. . #P......
....##.#.########.......
.<......##.P....#......<
#...........P.P.........
#.#l..Y.................
.......@...........(....
.......§§)..............
#.....>§.§..........#.#.
###....§.............###
##.P#....##.#.P#..##
############.##### ###


You could see a catoblepas and a komodo dragon (wandering).

Vanquished Creatures
  Erolcha (D:9)
  A hydra (Lair:1)
  Erica (Lair:1)
  2 death yaks (Lair:2)
  2 cyclopes (D:11)
  Maurice (D:11)
  A torpor snail (Lair:2)
  3 komodo dragons (Lair:2)
  A troll (D:9)
  9 blink frogs
  A wyvern (D:10)
  22 yaks
  Grum (D:11)
  2 basilisks
  3 wargs (D:11)
  An acid dragon (D:11)
  4 water moccasins
  A necrophage (D:10)
  2 black bears
  5 orc warriors
  4 ice beasts
  3 sky beasts
  An eye of draining (D:8)
  5 ogres
  7 centaurs
  4 wolves (D:11)
  A phantom (D:9)
  2 big kobolds
  6 bullfrogs
  A gnoll sergeant (D:6)
  A water moccasin zombie (D:11)
  4 scorpions
  A water moccasin skeleton (D:5)
  12 killer bees
  5 wights (D:6)
  5 electric eels (Lair:2)
  2 howler monkeys
  A quasit (D:10)
  2 jellies
  8 orc priests
  5 hounds
  4 bullfrog skeletons
  A centaur skeleton (D:4)
  2 iguanas
  6 orc wizards
  9 worker ants
  A hound zombie (D:6)
  A howler monkey zombie (D:8)
  A worker ant zombie (D:5)
  7 gnolls (D:6)
  8 adders
  A shadow imp (D:5)
  2 white imps (D:9)
  3 ufetubi
  2 oozes
  An adder zombie (D:6)
  3 worms
  5 leopard geckos
  50 orcs
  2 ball pythons
  6 bats
  A giant cockroach (D:3)
  4 goblins
  7 hobgoblins
  7 jackals
  4 quokkas
  2 frilled lizards (D:1)
  18 kobolds
  A leopard gecko skeleton (D:5)
  A leopard gecko zombie (D:6)
  A quokka skeleton (D:4)
  6 rats
311 creatures vanquished.

Vanquished Creatures (others)
  An orc wizard (D:11)
  A giant cockroach (D:3)
  A plant (Lair:1)
3 creatures vanquished.

Grand Total: 314 creatures vanquished

Notes
Turn   | Place    | Note
-------+----------+-------------------------------------------
     0 | D:1      | Borgoz the Gargoyle Gladiator began the quest for the Orb.
     0 | D:1      | Reached XP level 1. HP: 12/12 MP: 1/1
    72 | D:1      | Reached XP level 2. HP: 9/18 MP: 2/2
   715 | D:1      | Reached skill level 1 in Armour
  1271 | D:2      | Found a hide-covered altar of Uskayaw.
  1303 | D:2      | Reached XP level 3. HP: 22/22 MP: 3/3
  2045 | D:3      | Found a radiant altar of Vehumet.
  2050 | D:3      | Reached XP level 4. HP: 28/28 MP: 4/4
  2093 | D:3      | Reached skill level 1 in Shields
  2093 | D:3      | Reached XP level 5. HP: 10/32 MP: 5/5
  2698 | D:4      | Reached XP level 6. HP: 31/37 MP: 6/6
  2875 | D:4      | Found a staircase to the Ecumenical Temple.
  3004 | Temple   | Entered the Ecumenical Temple
  3586 | D:4      | Reached XP level 7. HP: 43/43 MP: 7/7
  3594 | D:5      | Entered Level 5 of the Dungeon
  3597 | D:5      | Found a shadowy altar of Dithmenos.
  3815 | D:5      | Reached XP level 8. HP: 44/48 MP: 8/8
  3929 | D:5      | Reached skill level 5 in Maces & Flails
  3944 | D:5      | Reached skill level 5 in Fighting
  4042 | D:5      | Found a blossoming altar of Fedhas.
  4420 | D:5      | Found a snail-covered altar of Cheibriados.
  4664 | D:6      | Reached skill level 5 in Armour
  5119 | D:6      | Reached skill level 5 in Dodging
  5119 | D:6      | Reached XP level 9. HP: 55/55 MP: 9/9
  5762 | D:6      | Found a shimmering altar of Xom.
  6702 | D:7      | Found a glowing silver altar of Zin.
  7243 | D:7      | Found a hazy altar of Hepliaklqana.
  7890 | D:8      | Found a sparkling altar of Nemelex Xobeh.
  8202 | D:8      | Reached XP level 10. HP: 63/63 MP: 10/10
  8316 | D:8      | Found an opulent altar of Gozag.
  8396 | D:8      | Found an iron altar of Okawaru.
  8397 | D:8      | Found a white marble altar of Elyvilon.
  8398 | D:8      | Found a basalt altar of Yredelemnul.
  8713 | D:8      | Became a worshipper of Warmaster Okawaru
  8772 | D:9      | Noticed Erolcha
  8897 | D:9      | Killed Erolcha
  8897 | D:9      | Reached * piety under Okawaru
  8898 | D:9      | Reached skill level 1 in Invocations
  9362 | D:9      | Identified a scroll of acquirement
  9366 | D:9      | Acquired 893 gold pieces
  9744 | D:9      | Found a staircase to the Orcish Mines.
  9803 | D:9      | Reached ** piety under Okawaru
 10263 | D:10     | Entered Level 10 of the Dungeon
 10298 | D:10     | Reached XP level 11. HP: 68/69 MP: 11/13
 10385 | D:10     | Reached *** piety under Okawaru
 10545 | D:10     | Got a warped tin ring
 10628 | D:10     | Identified the ring "Ebbimet" {Str+4 Dex+6} (You found it
                  | on level 10 of the Dungeon)
 11135 | D:11     | Noticed a cyclops
 11152 | D:11     | Killed a cyclops
 11250 | D:11     | Noticed a cyclops
 11259 | D:11     | Killed a cyclops
 11395 | D:11     | Reached **** piety under Okawaru
 11437 | D:11     | Got a masterwork ring mail
 11448 | D:11     | Identified the +1 ring mail "Wud Udao" {*Slow +Blink rC+
                  | rCorr} (You found it on level 11 of the Dungeon)
 11636 | D:11     | Noticed Maurice
 11672 | D:11     | Killed Maurice
 11734 | D:11     | Found a staircase to the Lair.
 12263 | D:11     | Noticed Grum
 12282 | D:11     | Killed Grum
 12283 | D:11     | Reached skill level 5 in Invocations
 12526 | D:11     | Found Ykhix's Pet Rocks.
 12550 | D:11     | Found Mijee's Antique Weapon Emporium.
 12553 | D:11     | Bought a glowing great mace for 285 gold pieces
 12715 | Lair:1   | Entered Level 1 of the Lair of Beasts
 12899 | Lair:1   | Noticed a six-headed hydra
 12919 | Lair:1   | Killed a six-headed hydra
 13165 | Lair:1   | You fall into a shaft and drop 1 floor!
 13186 | Lair:2   | Reached ***** piety under Okawaru
 13194 | Lair:2   | Found a staircase to the Swamp.
 13202 | Lair:2   | Reached skill level 10 in Fighting
 13394 | Lair:2   | Reached XP level 12. HP: 67/77 MP: 12/15
 13668 | Lair:1   | Reached skill level 10 in Armour
 13861 | Lair:1   | Noticed Erica
 13872 | Lair:1   | Killed Erica
 14205 | Lair:2   | Reached skill level 10 in Maces & Flails
 14621 | Lair:2   | Noticed a death yak
 14621 | Lair:2   | Noticed a death yak
 14624 | Lair:2   | Noticed a catoblepas
 14632 | Lair:2   | Killed a death yak
 14632 | Lair:2   | Received a gift from Okawaru
 14647 | Lair:2   | Killed a death yak
 14661 | Lair:2   | Slain by a catoblepas

Illustrated notes

Levels and vault maps discovered:
D:1:      mushboom_english_gardens, layout_loops_ring, minmay_pentomino_o4
D:2:      layout_basic, lemuel_crystal_altar
D:3:      layout_basic, fiery_altar_vehumet
D:4:      minmay_chambers_of_threes, layout_loops_cross,
          minmay_temple_entry_grid
D:5:      layout_layer_cave, lemuel_doored_altar, lemuel_round_altar,
          fedhas_bush_and_centaur_altar
D:6:      layout_cave_pools, xom_teletrap_fun, corexii_hall_statues_t,
          chequers_serial_rivers_small_a
D:7:      layout_loops_ring, nicolae_overflow_crystal_walls, zin_academy
D:8:      layout_loops_ring, marbit_many_paths,
          chequers_temple_overflow_statue_of_worship
D:9:      layout_cross, orc_0_dummy, uniq_erolcha
D:10:     layout_basic
D:11:     layout_basic, erik_lair_orcish_takeover, serial_shops,
          nicolae_shop_behind_doors, guppyfry_shop_earth, uniq_maurice,
          uniq_grum
Temple:   jpeg_temple_island
Lair:1:   layout_chaotic_city, uniq_erica
Lair:2:   layout_cave_shapes, minmay_swamp_entry_eels

Skill      XL: |  1  2  3  4  5  6  7  8  9 10 11 12 |
---------------+-------------------------------------+-----
Armour         | 1 2 3 4 5 7 8 9 10 | 10.5
Fighting       | 3 4 6 7 8 10 | 10.7
Dodging        | 3 4 5 6 7 8 |  8.6
Shields        | 1 2 3 4 |  4.0
Maces & Flails | 4 5 7 8 9 10 | 10.2
Invocations    | 3 5 |  5.0
Throwing       | |  1.7

Action                   |  1- 3 |  4- 6 |  7- 9 | 10-12 || total
-------------------------+-------+-------+-------+-------++-------
Melee: Flail             |   144 |   137 |   104 |       ||   385
       Whip              |       |    15 |   684 |   207 ||   906
       Dire flail        |       |       |     9 |   676 ||   685
Throw: Throwing net      |     1 |       |     1 |     3 ||     5
Invok: Heroism           |       |       |       |    12 ||    12
Evoke: Wand              |       |       |       |    15 ||    15
  Use: Scroll            |    10 |     6 |     6 |     7 ||    29
       Potion            |       |     4 |     1 |     7 ||    12
 Stab: Sleeping          |     2 |       |     1 |     1 ||     4
       Held in net/web   |     1 |       |       |     1 ||     2
       Invisible         |       |     2 |       |     6 ||     8
       Paralysed         |       |       |       |     2 ||     2
       Petrified         |       |       |       |     5 ||     5
       Petrifying        |       |       |       |     1 ||     1
Armor: Leather armour    |    76 |    87 |   302 |   339 ||   804
Dodge: Dodged            |   127 |   138 |   557 |   861 ||  1683
Block: Buckler           |     5 |    67 |   159 |       ||   231
       Reflection        |       |     2 |     3 |       ||     5

Table legend: (Time is in decaauts)
 A = Elapsed time spent in this place.
 B = Non-inter-level travel time spent in this place.
 C = Inter-level travel time spent in this place.
 D = Time resting spent in this place.
 E = Time spent auto-exploring this place.
 F = Levels seen in this place.
 G = Mean time per level.
                   A        B        C        D        E       F      G
               +--------+--------+--------+--------+--------+-----+--------+
         Total |  14411 |  13868 |    543 |   1883 |   8927 |  14 | 1029.4 |
       Dungeon |  12422 |  11957 |    465 |   1665 |   7508 |  11 | 1129.3 |
        Temple |    102 |     73 |     29 |      0 |     64 |   1 |  102.0 |
          Lair |   1886 |   1837 |     49 |    218 |   1354 |   2 |  943.0 |
               +--------+--------+--------+--------+--------+-----+--------+

Top non-repeatable levels by time:
     D:6: 1680 daAuts
     D:9: 1660 daAuts
    D:11: 1542 daAuts
     D:7: 1067 daAuts
     D:1: 1047 daAuts
     D:2: 1031 daAuts
     D:5: 1029 daAuts
     D:8: 1028 daAuts
  Lair:1: 1027 daAuts
     D:4: 896 daAuts
  Lair:2: 858 daAuts
    D:10: 842 daAuts
     D:3: 594 daAuts
  Temple: 102 daAuts
